 Dungeon Crawl Stone Soup version 0.21-a0-518-g43a1781 (webtiles) character file.

140 theanonym the Skirmisher (level 5, -1/42 HPs)
             Began as a Demonspawn Fighter on Dec 4, 2017.
             Slain by a dart slug (2 damage)
             ... on level 3 of the Dungeon.
             The game lasted 00:02:35 (1155 turns).

theanonym the Skirmisher (Demonspawn Fighter)       Turns: 1155, Time: 00:02:36

Health: -1/42      AC:  3    Str: 17    XL:     5   Next: 2%
Magic:  5/5        EV: 11    Int:  9    God:
Gold:   100        SH:  0    Dex: 13    Spells: 4/4 levels left

rFire    . . .     SeeInvis .   a - +0 war axe
rCold    . . .     Gourm    .   (no shield)
rNeg     . . .     Faith    .   (no armour)
rPois    .         Spirit   .   (helmet restricted)
rElec    .         Reflect  .   (no cloak)
rCorr    .         Harm     .   (no gloves)
MR       .....                  (no boots)
Stlth    +.........             (no amulet)
HPRegen  0.14/turn              (no ring)
MPRegen  0.09/turn              (no ring)

@: no status effects
A: horns 1, slimy green scales 2
a: no special abilities


Innate Abilities, Weirdness & Mutations

You have a pair of small horns on your head.
You are mostly covered in slimy green scales. (AC +3)


   Skills:
 + Level 4.1 Fighting
 * Level 4.0 Axes
 - Level 2.6 Armour
 - Level 2.6 Shields


You had 4 spell levels left.
You didn't know any spells.

Skill      XL: |  1  2  3  4 |
---------------+-------------+-----
Axes           | 2 3 4 |  4.0
Fighting       | 4 |  4.1
Armour         | |  2.6
Shields        | |  2.6

Action                   |  1- 3 |  4- 6 || total
-------------------------+-------+-------++-------
Melee: War axe           |    64 |    27 ||    91
       Headbutt          |     9 |     8 ||    17
  Use: Potion            |     1 |       ||     1
Armor: Scale mail        |    19 |    14 ||    33
       Skin              |       |    21 ||    21
Dodge: Dodged            |    17 |    88 ||   105
Block: Shield            |    30 |     9 ||    39

Inventory:

Hand Weapons
 a - a +0 war axe (weapon)
Armour
 b - a +0 scale mail {10}
 c - a +0 shield
 d - a +0 pair of boots
   (You found it on level 2 of the Dungeon)
Jewellery
 g - an uncursed ring of positive energy {unknown}
   (You found it on level 1 of the Dungeon)
Wands
 v - a wand of acid (9)
   (You found it on level 2 of the Dungeon)
Scrolls
 j - 2 scrolls of teleportation {unknown}
 k - 2 scrolls of fear {unknown}
 m - a scroll of amnesia {unknown}
Potions
 i - 3 potions of curing {unknown}
 l - a potion of mutation {unknown}
Comestibles
 e - 2 royal jellies
 f - a chunk of flesh
 h - 3 bread rations

Dungeon Overview and Level Annotations

Branches:
Dungeon (3/15)

Altars:


You were on level 3 of the Dungeon.
You were hungry.

You visited 1 branch of the dungeon, and saw 3 of its levels.

You collected 100 gold pieces.


Message History

There is a stone staircase leading up here.
The dart slug launches a dart at you. The slug dart misses you.
The dart slug launches a dart at you. The slug dart misses you.
The dart slug launches a dart at you. The slug dart hits you!
The dart slug bites you.
You take 4 damage, and have 38/42 hp.
The dart slug closely misses you. The dart slug closely misses you.
The dart slug bites you but does no damage.
The dart slug barely misses you. The dart slug launches a dart at you.
The slug dart misses you. The dart slug barely misses you.
The dart slug closely misses you. The dart slug bites you.
You take 2 damage, and have 38/42 hp.
The dart slug bites you.
You take 2 damage, and have 36/42 hp.
The dart slug bites you but does no damage.
The dart slug misses you. The dart slug closely misses you.
The dart slug misses you. The dart slug closely misses you.
The dart slug barely misses you. The dart slug bites you.
You take 2 damage, and have 35/42 hp.
The dart slug misses you. The dart slug barely misses you.
The dart slug launches a dart at you. The slug dart misses you.
The dart slug completely misses you. The dart slug launches a dart at you.
The slug dart misses you.
The dart slug bites you but does no damage.
The dart slug barely misses you. The dart slug bites you.
You take 2 damage, and have 35/42 hp.
The dart slug barely misses you. The dart slug barely misses you.
The dart slug launches a dart at you. The slug dart hits you!
The dart slug launches a dart at you. The slug dart hits you!
A kobold comes into view.
The kobold shouts!
The dart slug launches a dart at you. The slug dart misses you.
The kobold hits you but does no damage.
You hit the kobold. The kobold misses you.
You hit the kobold.
You kill the kobold!
Found 20 stones.
Found a black potion.
You see here 20 stones.
Found an escape hatch in the ceiling.
An orc comes into view. It is wielding a club.
The orc shouts!
A goblin comes into view.
Found a stone staircase leading up.
A hobgoblin comes into view.
The goblin misses you. The orc barely misses you. The goblin barely misses you.
The goblin completely misses you. The orc closely misses you.
The goblin misses you. The orc hits you with a club.
The dart slug launches a dart at you. The slug dart hits you!
The goblin hits you but does no damage. The orc hits you with a club.
The goblin hits you. The orc hits you with a club.
* * * LOW HITPOINT WARNING * * *
The goblin hits you.
* * * LOW HITPOINT WARNING * * *
The orc barely misses you. The goblin barely misses you.
The orc barely misses you. The goblin hits you.
* * * LOW HITPOINT WARNING * * *
The orc hits you but does no damage. The goblin barely misses you.
The orc hits you with a club.
* * * LOW HITPOINT WARNING * * *
The goblin barely misses you. The orc barely misses you.
The goblin barely misses you. The orc hits you with a club.
* * * LOW HITPOINT WARNING * * *
The goblin hits you.
* * * LOW HITPOINT WARNING * * *
The dart slug launches a dart at you. The slug dart hits you!
* * * LOW HITPOINT WARNING * * *
The goblin closely misses you. The orc closely misses you.
The dart slug completely misses you. The goblin hits you but does no damage.
The orc hits you with a club.
* * * LOW HITPOINT WARNING * * *
You take 37 damage, and have 1/42 hp.
MASSIVE DAMAGE!!
The dart slug barely misses you. The goblin barely misses you.
The orc hits you but does no damage. The goblin barely misses you.
The dart slug bites you.
You die...

#.....#
####.####
......##
#.#
####.##
#.# #.#
#.# #.#
#(# #+#
#.# ##.#
#w.# #@##
#..go#
+..<...g.
####.!....
#..#<###
#..#..
#..##. ...
.


You could see a dart slug, an orc, a hobgoblin and a goblin.

Notes
Turn   | Place    | Note
-------+----------+-------------------------------------------
     0 | D:1      | theanonym the Demonspawn Fighter began the quest for the Orb.
     0 | D:1      | Reached XP level 1. HP: 18/18 MP: 1/1
    65 | D:1      | Reached skill level 2 in Axes
   164 | D:1      | Gained mutation: You have a pair of small horns on your head. [demonic ancestry]
   164 | D:1      | Reached XP level 2. HP: 24/24 MP: 2/2
   547 | D:1      | Reached XP level 3. HP: 29/29 MP: 3/3
   683 | D:2      | Noticed a phantom
   695 | D:2      | Killed a phantom
   695 | D:2      | Reached skill level 4 in Fighting
   695 | D:2      | Reached skill level 3 in Axes
   695 | D:2      | Gained mutation: You are partially covered in slimy green scales. (AC +2) [demonic ancestry]
   695 | D:2      | Reached XP level 4. HP: 27/37 MP: 4/4
   884 | D:2      | Reached skill level 4 in Axes
   934 | D:2      | Gained mutation: You are mostly covered in slimy green scales. (AC +3) [demonic ancestry]
   934 | D:2      | Reached XP level 5. HP: 38/42 MP: 5/5
  1144 | D:3      | HP: 21/42 [orc/club (5)]
  1149 | D:3      | HP: 11/42 [orc/club (4)]
  1151 | D:3      | HP: 4/42 [goblin (2)]
  1153 | D:3      | HP: 1/42 [orc/club (1)]
  1155 | D:3      | Slain by a dart slug

Vanquished Creatures
  A phantom (D:2)
  An ooze (D:2)
  2 worms (D:2)
  A dart slug (D:1)
  2 leopard geckos
  A giant cockroach (D:1)
  7 goblins
  5 hobgoblins
  A ball python (D:1)
  4 bats
  5 frilled lizards
  6 kobolds
  5 rats
41 creatures vanquished.

Table legend:
 A = Turns spent in this place as a percentage of turns spent in the entire game.
 B = Non-inter-level travel turns spent in this place as a percentage of non-inter-level travel turns spent in the entire game.
 C = Inter-level travel turns spent in this place as a percentage of turns spent in this place.
 D = Turns resting spent in this place as a percentage of non-inter-level travel turns spent in this place.
 E = Turns spent auto-exploring this place as a percentage of non-inter-level travel turns spent in this place.
 F = Non-inter-level travel turns spent in this place divided by the number of levels of this place that you've seen.
                   A       B       C       D       E      F
               +-------+-------+-------+-------+-------+----------------------
         Total | 100.0 | 100.0 |   2.1 |   0.0 |  68.9 | 377.0
       Dungeon | 100.0 | 100.0 |   2.1 |   0.0 |  68.9 | 377.0
               +-------+-------+-------+-------+-------+----------------------
